AoeStats
← Rodrigo Lao Tse

Arabia

506963367Analyzed
1v1 RM · 17d ago on Sep 16, 2026· 37m 19s· 2 players
Game mode
Random Map
Map size
Tiny (2 player)
Population
200
Speed
Normal
Resources
Standard
Victory
Conquest
Starting age
Dark Age
Ending age
Imperial Age
RankedLock teamsTeams togetherTeam positionsShared explorationLock speedFull tech treeHidden civsTurbo modeCheats
Victory
Defeat
🇨🇱 Britons · Chile
865
+41
🇬🇧 Ethiopians · United Kingdom
844
-15
HD66
11:52 Feudal Age
12:18 Horse Collar
12:28 Double-Bit Axe
12:30 Town Watch
16:12 Loom
19:06 Castle Age
19:23 Wheelbarrow
18:37 Loom
19:28 Wheelbarrow
19:08 Elite Skirmisher
19:55 Thumb Ring
19:54 Padded Archer Armor
24:43 Town Patrol
25:41 Ballistics
25:59 Fletching
30:07 Leather Archer Armor
30:35 Gold Mining
36:03 Imperial Age
34:53 Hand Cart
35:27 Bodkin Arrow
37:05 Bracer
Rodrigo Lao Tse
10:31 Feudal Age
11:38 Double-Bit Axe
15:15 Gold Mining
29:25 Castle Age
27:12 Loom
28:02 Wheelbarrow
29:30 Stone Mining
35:15 Husbandry
Connection lost

Rejoining the realm…

Still unreachable

The connection could not be restored.

Session expired

The server has moved on; the page needs a fresh start.